 Dungeon Crawl Stone Soup version 0.22-a0-283-g1871b15 (webtiles) character file.

702 Gorglomux the Skirmisher (level 7, -3/61 HPs)
             Began as a Minotaur Earth Elementalist on Mar 18, 2018.
             Was an Initiate of Makhleb.
             Slain by an ogre
             ... wielding a +0 giant club
              (17 damage)
             ... on level 4 of the Dungeon.
             The game lasted 00:05:18 (5187 turns).

Gorglomux the Skirmisher (MiEE)                     Turns: 5187, Time: 00:05:18

Health: -3/61      AC: 11    Str: 15    XL:     7   Next: 39%
Magic:  8/8        EV:  4    Int: 12    God:    Makhleb [......]
Gold:   168        SH:  0    Dex: 10    Spells: 7/8 levels left

rFire    . . .     SeeInvis .     - Unarmed
rCold    . . .     Gourm    .   (no shield)
rNeg     . . .     Faith    .   o - +0 plate armour
rPois    .         Spirit   .   (helmet restricted)
rElec    .         Reflect  .   (no cloak)
rCorr    .         Harm     .   (no gloves)
MR       +....                  (no boots)
Stlth    ..........             (no amulet)
HPRegen  0.20/turn              m - ring of protection from magic
MPRegen  0.11/turn              x - ring of stealth

@: drained
A: retaliatory headbutt, horns 2
a: Renounce Religion


You were on level 4 of the Dungeon.
You worshipped Makhleb.
Makhleb was noncommittal.
You were not hungry.

You visited 2 branches of the dungeon, and saw 6 of its levels.

You collected 168 gold pieces.

Inventory:

Missiles
 b - 194 stones (quivered)
Armour
 o - a +0 plate armour (worn)
Jewellery
 m - a ring of protection from magic (left hand)
 x - a ring of stealth (right hand)
Scrolls
 g - a scroll of immolation {unknown}
 j - 2 scrolls of remove curse
 u - a scroll of enchant armour {unknown}
 v - 3 scrolls of fog
 y - a scroll of amnesia {unknown}
 B - 3 scrolls of identify {unknown}
 C - 2 scrolls of magic mapping {unknown}
 D - a scroll of noise {unknown}
 T - a scroll of teleportation
Potions
 e - a potion of cancellation {unknown}
 k - 2 potions of heal wounds {unknown}
 n - a potion of agility {unknown}
 q - 3 potions of degeneration {unknown}
 t - 4 potions of curing {unknown}
 w - 2 potions of mutation {unknown}
 z - a potion of ambrosia {unknown}
 U - a potion of haste {unknown}
 V - 2 potions of magic {unknown}
Comestibles
 d - 4 rations
 W - a chunk of flesh


   Skills:
 + Level 5.4(4.2) Fighting
 + Level 5.3(4.2) Armour
 - Level 2.1(1.1) Dodging
 - Level 1.5(0.5) Stealth
 + Level 4.9(3.8) Unarmed Combat
 - Level 1.3(0.3) Spellcasting
   Level 0.7(0.0) Transmutations
 - Level 2.4(1.3) Earth Magic


You had 7 spell levels left.
You knew the following spells:

 Your Spells              Type           Power        Failure   Level  Hunger
a - Sandblast             Erth           #.....       100%        1    ##.....


Dungeon Overview and Level Annotations

Branches:
Dungeon (5/15)             Temple (1/1) D:4

Altars:
Ashenzari
Cheibriados
Dithmenos
Elyvilon
Gozag
Hepliaklqana
Makhleb
Nemelex Xobeh
Qazlal
Ru
Sif Muna
Trog
Uskayaw
Vehumet
Wu Jian
Xom
Yredelemnul
Zin
The Shining One


Innate Abilities, Weirdness & Mutations

You reflexively headbutt those who attack you in melee.
You have a pair of horns on your head.


Message History

Your plate armour prevents you from hitting the butt!
Your headbutt misses the ogre!
The ogre is heavily wounded!
The ogre hits you with a giant club!!!
You closely miss the ogre!
The ogre is heavily wounded!
The ogre hits you with a giant club!!! * * * don't die
* * * You pulverise the ogre but do butt damage!
Butt's headbutt misses the ogre!
The ogre is heavily wounded!
You are too injured to fight recklessly!!!
Your plate armour prevents you from hitting the ogre!
The ogre is heavily wounded!
The ogre hits you with a giant club!!! * * * don't die
* * *
There is a stormy butt of Qazlal here!
There is a shaft here!
The ogre hits you with a giant club!!! rip

##.##### #.# #[o....# #.##
#......# #... ##### ##......#
#### #...#####.......#
#.#.#..≈....^...#
#.#.....^.≈^#≈..#
#.##.##.≈.≈#.#..#
############.##.@##...###..#
....>...........≈O...§≈...#######
####........§.§....._.§..........
#########.##≈^.≈^...^≈^######.
#.##^#≈≈^..##≈........
############.##^..^≈....#........
.............##.##§≈.≈##.^.......
################.....^..^#.......
...................#.#####.#####.


You could see an ogre.

Vanquished Creatures
  The ghost of lilbarb the Charmwright, an amateur VSSk (D:3)
  A phantom (D:4)
  A scorpion (D:4)
  A howler monkey (D:4)
  A hound (D:4)
  3 orc wizards
  An iguana (D:4)
  3 worker ants (D:4)
  4 adders
  An ooze (D:1)
  An adder skeleton (D:4)
  6 worms
  6 leopard geckos
  12 orcs
  4 giant cockroaches
  5 goblins
  7 hobgoblins
  5 jackals
  8 kobolds (D:1)
  A quokka (D:4)
  A ball python (D:1)
  18 bats
  A frilled lizard (D:4)
  12 rats
104 creatures vanquished.

Notes
Turn   | Place    | Note
-------+----------+-------------------------------------------
     0 | D:1      | Gorglomux the Minotaur Earth Elementalist began the quest for the Orb.
     0 | D:1      | Reached XP level 1. HP: 14/14 MP: 1/1
   341 | D:1      | Reached skill level 1 in Armour
   341 | D:1      | Reached skill level 1 in Fighting
   341 | D:1      | Reached XP level 2. HP: 21/23 MP: 3/3
   360 | D:1      | Reached skill level 1 in Unarmed Combat
   984 | D:1      | Reached XP level 3. HP: 22/29 MP: 4/4
  2141 | D:2      | Reached XP level 4. HP: 33/37 MP: 5/5
  2769 | D:3      | Reached skill level 3 in Fighting
  2769 | D:3      | Reached skill level 3 in Armour
  2840 | D:3      | Reached XP level 5. HP: 45/45 MP: 6/6
  2876 | D:3      | Reached skill level 3 in Unarmed Combat
  2993 | D:3      | Noticed lilbarb's ghost (amateur VSSk)
  3022 | D:3      | Killed lilbarb's ghost
  3022 | D:3      | Reached XP level 6. HP: 33/52 MP: 7/7
  3500 | D:4      | Found a staircase to the Ecumenical Temple.
  3687 | D:5      | Entered Level 5 of the Dungeon
  3697 | Temple   | Entered the Ecumenical Temple
  3892 | Temple   | Became a worshipper of Makhleb the Destroyer
  3970 | D:4      | Found a stormy altar of Qazlal.
  3997 | D:4      | Reached XP level 7. HP: 37/60 MP: 8/8
  5187 | D:4      | Slain by an ogre

Vault maps used:
D:1:      ncdulo_watergridlock
D:2:      first_ration, minivault_11
D:4:      temple_fountains, grunt_qazlal_sundering
Temple:   eino_narrow_crystal_temple

Skill      XL: |  1  2  3  4  5  6  7 |
---------------+----------------------+-----
Armour         | 1 2 3 4 5 |  5.3
Fighting       | 1 2 3 4 5 |  5.4
Unarmed Combat | 1 2 3 4 |  4.9
Dodging        | |  2.1
Stealth        | |  1.5
Spellcasting   | |  1.3
Transmutations | |  0.7
Earth Magic    | |  2.4

Action                   |  1- 3 |  4- 6 |  7- 9 || total
-------------------------+-------+-------+-------++-------
Melee: Unarmed           |   188 |   218 |    89 ||   495
       Headbutt          |    24 |    27 |    14 ||    65
       Punch             |       |     1 |     2 ||     3
Throw: Stone             |       |       |     1 ||     1
 Cast: Sandblast         |     6 |       |       ||     6
  Use: Scroll            |       |     3 |     1 ||     4
 Stab: Sleeping          |     2 |       |       ||     2
  Eat: Chunk             |     4 |     4 |     3 ||    11
       Ration            |       |     1 |       ||     1
Armor: Robe              |     9 |       |       ||     9
       Plate armour      |   162 |   155 |    52 ||   369
Dodge: Dodged            |    76 |    39 |    14 ||   129

Table legend:
 A = Spawn XP
 B = Non-spawn XP
 C = Spawn XP percentage of total XP
 D = Spawn monster count
 E = Non-spawn monster count
 F = Spawn count percentage of total count
 G = Total turns spent on level
                    A         B        C        D         E        F      G
               +---------+---------+-------+---------+---------+-------+---------
         Total |       0 |    1004 |   0.0 |       0 |     104 |   0.0 |  5187
               +---------+---------+-------+---------+---------+-------+---------
           D:1 |       0 |      56 |   0.0 |       0 |      34 |   0.0 |  1407
           D:2 |       0 |      58 |   0.0 |       0 |      22 |   0.0 |  1241
           D:3 |       0 |     371 |   0.0 |       0 |      26 |   0.0 |   759
           D:4 |       0 |     519 |   0.0 |       0 |      22 |   0.0 |  1548
               +---------+---------+-------+---------+---------+-------+---------
